 Dungeon Crawl Stone Soup version 0.29.0-4-gdea44cf6ec (webtiles) character file.

Game seed: 476135834439928650

585 qw the Chopper (level 7, 0/41 HPs)
             Began as a Tengu Warper on Aug 28, 2022.
             Slain by an orc warrior
             ... wielding a +0 scimitar
              (13 damage)
             ... on level 5 of the Dungeon.
             The game lasted 00:00:30 (5617 turns).

qw the Chopper (Tengu Warper)                       Turns: 5617, Time: 00:00:30

Health: 0/41       AC: 12    Str: 13    XL:     7   Next: 37%
Magic:  11/11      EV:  4    Int: 14    God:
Gold:   333        SH:  4    Dex: 13    Spells: 10/10 levels left

rFire   . . .      SeeInvis .   Y - +0 hand axe (elec)
rCold   . . .      Faith    .   b - +0 buckler
rNeg    . . .      Spirit   .   e - +1 plate armour
rPois   +          Reflect  .   (helmet restricted)
rElec   .          Harm     .   (no cloak)
rCorr   .          Rampage  .   (no gloves)
Will    .....                   (boots unavailable)
Stlth   ..........              f - amulet of the acrobat
HPRegen 0.13/turn               (no ring)
MPRegen 0.12/turn               (no ring)

@: flying quickly and evasively, quick
A: beak, talons 3, nimble flight, poison resistance
a: no special abilities


You were on level 5 of the Dungeon.
You visited 1 branch of the dungeon, and saw 5 of its levels.

You collected 333 gold pieces.


Innate Abilities, Weirdness & Mutations

You have a beak for a mouth.
You have claws for feet.
Your magical nature lets you fly swiftly and evasively.
Your system is resistant to poisons. (rPois)


   Skills:
 - Level 3.1 Fighting
 + Level 7.2 Axes
 - Level 1.0 Throwing
 - Level 3.0 Armour
 - Level 2.1 Dodging
 - Level 2.0 Shields
 - Level 2.0 Spellcasting
 - Level 2.4 Translocations


You had 10 spell levels left.
You didn't know any spells.
Your spell library contained the following spells:

 Spells                   Type           Power      Damage    Failure   Level
 Blink                    Tloc           16%        N/A       100%        2
 Gell's Gravitas          Tloc           8%         N/A       100%        3
 Lesser Beckoning         Tloc           8%         N/A       100%        3
 Teleport Other           Tloc           8%         N/A       100%        3
 Manifold Assault         Tloc           8%         N/A       100%        5

Inventory:

Hand Weapons
 a - a +0 morningstar
 Y - a +0 hand axe of electrocution (weapon)
Armour
 b - a +0 buckler (worn)
 e - a +1 plate armour (worn)
Jewellery
 f - an amulet of the acrobat (around neck)
Scrolls
 g - a scroll of identify
 j - a scroll of teleportation
Potions
 c - 2 potions of degeneration {unknown}
 i - 4 potions of mutation

Dungeon Overview and Level Annotations

Branches:
Dungeon (5/15)
 Temple: D:4-7

Altars:
Ashenzari
Dithmenos
Hepliaklqana
Sif Muna
Yredelemnul

Annotations:
D:3 1 runed translucent door, Crazy Yiuf


Message History

You hit the hound but do no damage. Lightning courses through the hound!
You claw the hound.
You kill the hound!
You start resting.
HP restored.
c - 2 lumpy puce potions (gained 1)
Found an escape hatch in the ceiling.
You see here a hound corpse.
Found a stone staircase leading down.
An orc warrior and an orc come into view.
The orc warrior shouts!
The orc shouts!
You hear a shout!
The orc moves out of view.
An orc comes into view. It is wielding a +0 short sword.
You hit the orc warrior but do no damage.
You claw the orc warrior, but do no damage.
Your peck misses the orc warrior. The orc warrior barely misses you.
You barely miss the orc warrior.
You claw the orc warrior, but do no damage.
You hit the orc. The orc warrior barely misses you.
You completely miss the orc. You claw the orc.
You kill the orc!
You hit the orc. You hit the orc warrior.
The orc warrior hits you with a +0 scimitar!
The orc hits you but does no damage.
You hit the orc warrior but do no damage.
Lightning courses through the orc warrior!
Your kick misses the orc warrior.
The orc warrior is moderately wounded.
You hit the orc. Lightning courses through the orc!
You kill the orc!
The orc warrior closely misses you.
You closely miss the orc warrior. Your kick misses the orc warrior.
The orc warrior is moderately wounded.
The orc warrior hits you with a +0 scimitar!
You hit the orc warrior.
The orc warrior is heavily wounded.
The orc warrior hits you with a +0 scimitar!
You die...

######### #........
####))......
#############...@o# +##.#.
#.............#...#...# ...
.....<.###.###....#...# ..
##.....# #.###.#.##...####.#
##.....###.##..#}.#.+##.}#..###
.>......##.....#.........#....#
.........#..###.#.......####..#
.........%..#...........#.....#
..####......#...+).._...+...#.#


You could see an orc warrior.

Vanquished Creatures
  A necrophage (D:5)
  A scorpion (D:3)
  2 jellies
  5 hounds
  An iguana (D:5)
  An orc wizard (D:4)
  9 adders
  3 gnolls (D:4)
  A worm (D:2)
  5 dart slugs
  6 orcs
  9 endoplasms
  3 giant cockroaches
  7 goblins
  3 hobgoblins (D:3)
  6 kobolds
  4 quokkas
  7 ball pythons
  A bat (D:2)
  4 frilled lizards
  5 rats
84 creatures vanquished.

Notes
Turn   | Place    | Note
-------+----------+-------------------------------------------
     0 | D:1      | qw the Tengu Warper began the quest for the Orb.
     0 | D:1      | Reached XP level 1. HP: 12/12 MP: 4/4
     0 | D:1      | 0 ||| qw: Version: 0.1-a-89-g26bdef1
     0 | D:1      | 0 ||| qw: Game counter: 727
     0 | D:1      | 0 ||| qw: Always use a shield: true
     0 | D:1      | 0 ||| qw: God list: Okawaru
     0 | D:1      | 0 ||| qw: Allow faded altars: false
     0 | D:1      | 0 ||| qw: Do Orc after D:15 true
     0 | D:1      | 0 ||| qw: Do second Lair branch before Depths: true
     0 | D:1      | 0 ||| qw: Lair rune preference: random
     0 | D:1      | 0 ||| qw: Plans: Normal
     0 | D:1      | 0 ||| PLANNING D:1-11
   213 | D:1      | 213 ||| Stepping ~*~*~tactically~*~*~ (hiding).
   315 | D:1      | 315 ||| Stepping ~*~*~tactically~*~*~ (hiding).
   324 | D:1      | Reached skill level 3 in Axes
   324 | D:1      | Reached XP level 2. HP: 17/17 MP: 6/6
  1130 | D:1      | 1130 ||| UPGRADING to +0 plate armour.
  1140 | D:1      | 1140 ||| DROPPING +0 leather armour.
  1141 | D:1      | 1141 ||| UPGRADING to amulet of the acrobat.
  1146 | D:1      | 1146 ||| READING scroll labelled CONLEX SANETI.
  1147 | D:1      | 1147 ||| READING scroll labelled FUGGASI OJOMU.
  1148 | D:1      | 1148 ||| DROPPING scroll of blinking.
  1181 | D:2      | Reached XP level 3. HP: 12/21 MP: 7/7
  1371 | D:2      | Reached skill level 4 in Axes
  1415 | D:2      | 1415 ||| Stepping ~*~*~tactically~*~*~ (hiding).
  1416 | D:2      | 1416 ||| Stepping ~*~*~tactically~*~*~ (hiding).
  1417 | D:2      | 1417 ||| Stepping ~*~*~tactically~*~*~ (hiding).
  1423 | D:2      | 1423 ||| Stepping ~*~*~tactically~*~*~ (hiding).
  1522 | D:2      | 1522 ||| SWAPPING to +0 hand axe of flaming.
  1523 | D:2      | 1523 ||| DROPPING +0 mace.
  1524 | D:2      | 1524 ||| DROPPING +0 hand axe.
  1591 | D:2      | Identified the +0 robe "Lifoe" {rPois Str+3 Dex+4 Stlth+}
  1632 | D:2      | 1632 ||| Stepping ~*~*~tactically~*~*~ (hiding).
  1826 | D:2      | Reached XP level 4. HP: 18/26 MP: 8/8
  1852 | D:2      | 1852 ||| FLEEEEING.
  1853 | D:2      | 1853 ||| FLEEEEING.
  1855 | D:2      | 1855 ||| FLEEEEING.
  1856 | D:2      | 1856 ||| FLEEEEING.
  1857 | D:2      | 1857 ||| FLEEEEING.
  1858 | D:2      | 1858 ||| FLEEEEING.
  1859 | D:2      | 1859 ||| FLEEEEING.
  1860 | D:2      | 1860 ||| FLEEEEING.
  1861 | D:2      | 1861 ||| STAIRDANCE
  1919 | D:1      | 1919 ||| READING scroll labelled MARARI PUCRIDOY.
  1936 | D:1      | 1936 ||| READING scroll labelled SIAT BU NUALA.
  1937 | D:1      | 1937 ||| READING scroll labelled NIMMUK EVEKK.
  1938 | D:1      | 1938 ||| Stepping randomly (stuck).
  1939 | D:1      | 1939 ||| Stepping ~*~*~tactically~*~*~ (cloud).
  2218 | D:2      | 2218 ||| DROPPING +0 club.
  2261 | D:2      | 2261 ||| Stepping ~*~*~tactically~*~*~ (hiding).
  2662 | D:3      | 2662 ||| FLEEEEING.
  2663 | D:3      | 2663 ||| FLEEEEING.
  2664 | D:3      | 2664 ||| STAIRDANCE
  2778 | D:3      | 2778 ||| Stepping ~*~*~tactically~*~*~ (stealth).
  2801 | D:3      | Found a faded altar of an unknown god.
  2966 | D:3      | Found a basalt altar of Yredelemnul.
  3453 | D:3      | Reached skill level 5 in Axes
  3478 | D:3      | Gained mutation: Your magical nature lets you fly swiftly
                  | and evasively. [Tengu growth]
  3478 | D:3      | Reached XP level 5. HP: 27/28 MP: 9/9
  3574 | D:3      | Found a runed translucent door.
  3575 | D:3      | Noticed Crazy Yiuf
  3619 | D:3      | 3619 ||| READING 2 scrolls labelled REOHOT BIEFU.
  3640 | D:3      | 3640 ||| READING scroll labelled LIPIOH KESICIY.
  3641 | D:3      | 3641 ||| DRINKING 2 coppery potions.
  3642 | D:3      | 3642 ||| DRINKING 5 fizzy clear potions.
  3642 | D:3      | Gained mutation: Your system is resistant to poisons.
                  | (rPois) [potion of mutation]
  3643 | D:3      | 3643 ||| READING 2 scrolls of identify.
  3643 | D:3      | 3643 ||| IDENTIFYING bubbling blue potion
  3644 | D:3      | 3644 ||| DROPPING potion of brilliance.
  3693 | D:4      | 3693 ||| STAIRDANCE
  3703 | D:3      | Reached skill level 6 in Axes
  3895 | D:4      | Found a hazy altar of Hepliaklqana.
  4152 | D:4      | 4152 ||| Stepping ~*~*~tactically~*~*~ (stealth).
  4163 | D:4      | 4163 ||| FLEEEEING.
  4172 | D:4      | 4172 ||| DRINKING potion of curing.
  4172 | D:4      | 4172 ||| (to cure confusion)
  4176 | D:4      | Reached XP level 6. HP: 30/35 MP: 10/10
  4210 | D:4      | 4210 ||| FLEEEEING.
  4211 | D:4      | 4211 ||| FLEEEEING.
  4212 | D:4      | 4212 ||| FLEEEEING.
  4213 | D:4      | 4213 ||| FLEEEEING.
  4214 | D:4      | 4214 ||| FLEEEEING.
  4215 | D:4      | 4215 ||| FLEEEEING.
  4216 | D:4      | 4216 ||| FLEEEEING.
  4217 | D:4      | 4217 ||| FLEEEEING.
  4218 | D:4      | 4218 ||| FLEEEEING.
  4219 | D:4      | 4219 ||| FLEEEEING.
  4220 | D:4      | 4220 ||| FLEEEEING.
  4221 | D:4      | 4221 ||| FLEEEEING.
  4222 | D:4      | 4222 ||| FLEEEEING.
  4223 | D:4      | 4223 ||| FLEEEEING.
  4224 | D:4      | 4224 ||| FLEEEEING.
  4225 | D:4      | 4225 ||| FLEEEEING.
  4226 | D:4      | 4226 ||| FLEEEEING.
  4227 | D:4      | 4227 ||| FLEEEEING.
  4230 | D:4      | 4230 ||| FLEEEEING.
  4231 | D:4      | 4231 ||| FLEEEEING.
  4232 | D:4      | 4232 ||| FLEEEEING.
  4233 | D:4      | 4233 ||| FLEEEEING.
  4234 | D:4      | 4234 ||| FLEEEEING.
  4235 | D:4      | 4235 ||| FLEEEEING.
  4236 | D:4      | 4236 ||| FLEEEEING.
  4237 | D:4      | 4237 ||| FLEEEEING.
  4241 | D:4      | 4241 ||| FLEEEEING.
  4242 | D:4      | 4242 ||| FLEEEEING.
  4243 | D:4      | 4243 ||| FLEEEEING.
  4244 | D:4      | 4244 ||| FLEEEEING.
  4245 | D:4      | 4245 ||| FLEEEEING.
  4246 | D:4      | 4246 ||| FLEEEEING.
  4247 | D:4      | 4247 ||| FLEEEEING.
  4248 | D:4      | 4248 ||| FLEEEEING.
  4249 | D:4      | 4249 ||| FLEEEEING.
  4250 | D:4      | 4250 ||| FLEEEEING.
  4251 | D:4      | 4251 ||| FLEEEEING.
  4252 | D:4      | 4252 ||| FLEEEEING.
  4253 | D:4      | 4253 ||| FLEEEEING.
  4331 | D:4      | 4331 ||| DROPPING +0 whip.
  4631 | D:4      | 4631 ||| Stepping ~*~*~tactically~*~*~ (stealth).
  4632 | D:4      | 4632 ||| Stepping ~*~*~tactically~*~*~ (stealth).
  4635 | D:4      | Reached skill level 7 in Axes
  4644 | D:4      | 4644 ||| Stepping ~*~*~tactically~*~*~ (hiding).
  4646 | D:4      | 4646 ||| Stepping ~*~*~tactically~*~*~ (hiding).
  4765 | D:4      | Reached skill level 3 in Armour
  5067 | D:4      | Found a shimmering blue altar of Sif Muna.
  5068 | D:4      | 5068 ||| UPGRADING to +0 buckler.
  5073 | D:4      | 5073 ||| READING 2 scrolls labelled YMYERY HOSIEBO.
  5074 | D:4      | 5074 ||| READING scroll of enchant armour.
  5074 | D:4      | 5074 ||| ENCHANTING +0 plate armour.
  5075 | D:4      | 5075 ||| READING 3 scrolls of identify.
  5075 | D:4      | 5075 ||| IDENTIFYING bubbling red potion
  5076 | D:4      | 5076 ||| READING 2 scrolls of identify.
  5076 | D:4      | 5076 ||| IDENTIFYING silvery potion
  5077 | D:4      | 5077 ||| DROPPING potion of attraction.
  5078 | D:4      | 5078 ||| DROPPING potion of ambrosia.
  5167 | D:5      | Entered Level 5 of the Dungeon
  5190 | D:5      | Reached skill level 1 in Shields
  5190 | D:5      | Reached XP level 7. HP: 39/40 MP: 11/11
  5204 | D:5      | Found a shadowy altar of Dithmenos.
  5389 | D:5      | Reached skill level 3 in Fighting
  5521 | D:5      | Found a broken altar of Ashenzari.
  5617 | D:5      | Slain by an orc warrior

Levels and vault maps discovered:
D:1:      reono_arrival_forest_river, layout_basic,
          wander_ebering_terrifying_dragon_lair
D:2:      layout_loops_ring, minmay_tripent
D:3:      layout_loops_ring, mainiacjoe_overflow_alcove_2,
          hellmonk_ecumenical_altar_arch_garden, minivault_19,
          grunt_ministairs_12, mrwooster_statue_mirror, uniq_crazy_yiuf_cottage
D:4:      layout_basic, mainiacjoe_overflow_six_doors_small,
          lemuel_coloured_pillars_altar, chequers_serial_rivers_small_3
D:5:      cheibrodos_quashed, layout_rooms, evilmike_ruin_ashenzari,
          nicolae_gozag_cash_rules_everything_around_me, grunt_dithmenos_smoke,
          uniq_sigmund

Skill      XL: |  1  2  3  4  5  6  7 |
---------------+----------------------+-----
Axes           | 3 4 5 6 7 |  7.2
Armour         | 2 3 |  3.0
Shields        | 1 2 |  2.0
Fighting       | 3 |  3.1
Throwing       | |  1.0
Dodging        | |  2.1
Spellcasting   | |  2.0
Translocations | |  2.4

Action                   |  1- 3 |  4- 6 |  7- 9 || total
-------------------------+-------+-------+-------++-------
Melee: Hand axe          |    60 |   125 |    33 ||   218
       Peck              |     7 |    21 |     7 ||    35
       Kick              |    16 |    28 |    13 ||    57
Throw: Boomerang         |     7 |    18 |       ||    25
  Use: Scroll            |     2 |    10 |       ||    12
       Potion            |       |     3 |       ||     3
Armor: Plate armour      |    14 |    63 |    16 ||    93
       Leather armour    |     2 |       |       ||     2
Dodge: Dodged            |    12 |    37 |     6 ||    55
Block: Buckler           |       |     1 |     3 ||     4

Table legend:
 A = Non-vault XP
 B = Vault XP
 C = Vault XP percentage of total XP
 D = Non-vault monster count
 E = Vault monster count
 F = Vault count percentage of total count
                 A         B        C        D         E       F
            +---------+---------+-------+---------+---------+-------
      Total |     820 |      16 |   1.9 |      80 |       4 |   4.8
            +---------+---------+-------+---------+---------+-------
        D:1 |      26 |       1 |   3.7 |      13 |       1 |   7.1
        D:2 |      66 |       2 |   2.9 |      18 |       2 |  10.0
        D:3 |     188 |      13 |   6.5 |      18 |       1 |   5.3
        D:4 |     249 |       0 |   0.0 |      22 |       0 |   0.0
        D:5 |     291 |       0 |   0.0 |       9 |       0 |   0.0
            +---------+---------+-------+---------+---------+-------
